 Dungeon Crawl Stone Soup version 0.25-a0-822-g6581751b11 (webtiles) character file.

Game seed: 18289323687940941773, levelgen mode: deterministic

1792 unvid the Shield-Bearer (level 9, 0/56 HPs)
             Began as an Octopode Fighter on Apr 20, 2020.
             Was an Initiate of Gozag.
             Killed from afar by an orc wizard (6 damage)
             ... with a magic dart
             ... on level 7 of the Dungeon.
             The game lasted 00:12:25 (8963 turns).

unvid the Shield-Bearer (Octopode Fighter)          Turns: 8963, Time: 00:12:25

Health: 0/56       AC:  1    Str: 15    XL:     9   Next: 9%
Magic:  13/13      EV: 12    Int: 14    God:    Gozag
Gold:   196        SH: 10    Dex: 11    Spells: 8/8 levels left

rFire    + + .     SeeInvis +   a - +0 long sword
rCold    + . .     Gourm    .   b - +0 kite shield
rNeg     . . .     Faith    .   (helmet restricted)
rPois    +         Spirit   .   (no amulet)
rElec    +         Reflect  .   j - ring of stealth
rCorr    +         Harm     .   p - ring of protection from fire
MR       .....                  w - ring of see invisible
Stlth    +++++.....             (no ring)
HPRegen  0.18/turn              (no ring)
MPRegen  0.13/turn              (no ring)
                                (no ring)
                                (no ring)

@: mighty, resistant, stab, hasted, very quick
A: almost no armour, stealthy swim, amphibious, 8 rings, constrict 8, camouflage
1, gelatinous body 1
a: Potion Petition, Call Merchant, Bribe Branch, Renounce Religion


You were on level 7 of the Dungeon.
You worshipped Gozag.
Gozag was aware of your devotion.
You were full.

You visited 2 branches of the dungeon, and saw 8 of its levels.

You collected 309 gold pieces.
You paid 113 gold pieces to Gozag.

Inventory:

Hand Weapons
 a - a +0 long sword (weapon)
Missiles
 h - 3 throwing nets (quivered)
 v - 4 datura-tipped darts
Armour
 b - a +0 kite shield (worn)
Jewellery
 j - a ring of stealth (left tentacle)
 p - a ring of protection from fire (right tentacle)
 w - a ring of see invisible (on tentacle)
Wands
 q - a wand of iceblast (6)
Scrolls
 e - a scroll of immolation
 f - 3 scrolls of teleportation
 k - 3 scrolls of magic mapping {unknown}
 l - a scroll of fog {unknown}
 m - 5 scrolls of remove curse
 n - a scroll of enchant weapon {unknown}
 r - 2 scrolls of random uselessness {unknown}
 t - 2 scrolls of amnesia {unknown}
 u - a scroll of noise {unknown}
Potions
 c - a potion of might
 g - 3 potions of magic
 i - a potion of flight
 o - 2 potions of cancellation
 s - a potion of lignification
 z - a potion of berserk rage
Comestibles
 d - 7 rations


   Skills:
 - Level 3.0 Fighting
 + Level 6.8 Long Blades
 - Level 3.0 Dodging
 - Level 5.2 Stealth
 + Level 7.2 Shields
 + Level 5.7 Evocations


You had 8 spell levels left.
You didn't know any spells.
Your spell library was empty.

Dungeon Overview and Level Annotations

Branches:
Dungeon (7/15)             Temple (1/1) D:6

Altars:
Ashenzari
Cheibriados
Dithmenos
Elyvilon
Fedhas
Gozag
Hepliaklqana
Kikubaaqudgha
Makhleb
Nemelex Xobeh
Okawaru
Qazlal
Ru
Uskayaw
Vehumet
Wu Jian
Xom
Yredelemnul
Zin
The Shining One

Annotations:
D:4 2 runed translucent doors, exclusion: upstairs, dscm's ghost, amateur OpFi


Innate Abilities, Weirdness & Mutations

You cannot wear most types of armour.
You are very stealthy in the water. (Stealth+)
You are amphibious.
You can wear up to eight rings at the same time.
You can use your tentacles to constrict eight enemies at once.
Your skin changes colour to match your surroundings (Stealth+).
Your rubbery body absorbs attacks. (AC +1, EV +1)


Message History

You constrict the bullfrog.
You kill the bullfrog!
The orc priest is no longer distracted by gold.
The orc priest mumbles some strange prayers to Beogh against you.
You struggle to resist.
You hit the orc priest. You grab the orc priest. You squeeze the orc priest!
The orc priest is severely wounded.
You constrict the orc priest, but do no damage.
You slash the orc priest!
You kill the orc priest!
You slash the orc wizard! Your grab misses the orc wizard.
The orc wizard is severely wounded.
The orc wizard mumbles some strange words.
The orc wizard seems to speed up.
You hit the orc wizard. Your grab misses the orc wizard.
The orc wizard is almost dead.
The orc wizard gestures at you while chanting.
The magic dart hits you.
You die...
Your body crumbles into a pile of gold.

!...#
....#
o...#
##...
##..#
##..#
##..##
##.o##
##$@##
##..##
##..##
##..##
#
##..##
##
##..##
.#
##..##
.##
##..##
..#
##..##


You could see an orc wizard and an orc.

Vanquished Creatures
  An ice beast (D:6)
  A phantom (D:5)
  An ogre (D:6)
  A boggart (D:6)
  2 centaurs (D:6)
  4 bullfrogs
  A gnoll sergeant (D:5)
  2 scorpions
  3 howler monkeys
  A centaur zombie (D:5)
  A crimson imp (D:5)
  An orc priest (D:7)
  A bullfrog zombie (D:7)
  3 orc wizards
  2 bullfrog skeletons (D:4)
  An iguana (D:6)
  4 worker ants
  A hound zombie (D:6)
  2 hound skeletons
  A worker ant zombie (D:5)
  Robin (D:2)
  A howler monkey zombie (D:6)
  10 adders
  4 gnolls (D:5)
  A shadow imp (D:6)
  An ooze (D:4)
  2 adder skeletons
  2 worms
  4 dart slugs
  3 leopard geckos
  23 orcs
  8 bats
  5 giant cockroaches
  18 hobgoblins
  3 jackals (D:2)
  6 quokkas
  6 frilled lizards
  12 goblins
  2 jackal zombies
  12 kobolds
  A leopard gecko skeleton (D:4)
  A quokka zombie (D:6)
  5 rats
165 creatures vanquished.

Notes
Turn   | Place    | Note
-------+----------+-------------------------------------------
     0 | D:1      | unvid the Octopode Fighter began the quest for the Orb.
     0 | D:1      | Reached XP level 1. HP: 16/16 MP: 1/1
   114 | D:1      | Reached skill level 1 in Stealth
   143 | D:1      | Reached XP level 2. HP: 21/21 MP: 2/2
   370 | D:1      | Reached XP level 3. HP: 20/26 MP: 3/3
   843 | D:2      | Found a basalt altar of Yredelemnul.
  1336 | D:2      | Noticed Robin
  1727 | D:2      | Reached XP level 4. HP: 25/31 MP: 4/4
  1876 | D:2      | Killed Robin
  2722 | D:3      | Reached skill level 4 in Shields
  2847 | D:3      | Reached XP level 5. HP: 36/36 MP: 5/5
  3919 | D:3      | Reached XP level 6. HP: 42/42 MP: 6/6
  4522 | D:4      | Reached skill level 5 in Stealth
  4546 | D:4      | Found a shimmering altar of Xom.
  4633 | D:4      | Reached skill level 5 in Shields
  4729 | D:4      | Found a large runed translucent door.
  4729 | D:4      | Found a large runed translucent door.
  4729 | D:4      | Noticed dscm's ghost (amateur OpFi)
  4801 | D:4      | Reached XP level 7. HP: 42/46 MP: 7/7
  5224 | D:5      | Entered Level 5 of the Dungeon
  6123 | D:5      | Found a hide-covered altar of Uskayaw.
  6150 | D:5      | Reached skill level 5 in Long Blades
  6613 | D:6      | Reached XP level 8. HP: 24/52 MP: 10/10
  6785 | D:6      | Reached skill level 6 in Shields
  6969 | D:6      | Noticed a rime drake
  6969 | D:6      | an ice beast changed into a rime drake
  7162 | D:6      | Found a stormy altar of Qazlal.
  7515 | D:5      | Reached skill level 5 in Evocations
  7689 | D:6      | Reached skill level 7 in Shields
  7946 | D:6      | Found a staircase to the Ecumenical Temple.
  7956 | Temple   | Entered the Ecumenical Temple
  8198 | Temple   | Became a worshipper of Gozag Ym Sagoz the Greedy
  8244 | D:6      | Noticed a rime drake
  8244 | D:6      | an ice beast changed into a rime drake
  8245 | D:6      | Noticed a hornet
  8245 | D:6      | a rime drake changed into a hornet
  8577 | D:7      | Reached XP level 9. HP: 52/56 MP: 13/13
  8684 | D:7      | Found a shadowy altar of Dithmenos.
  8685 | D:7      | Found a shattered altar of Ashenzari.
  8686 | D:7      | Found a basalt altar of Yredelemnul.
  8686 | D:7      | Found a white marble altar of Elyvilon.
  8963 | D:7      | Killed from afar by an orc wizard

Levels and vault maps discovered:
D:1:      lightli_arrival_statuegarden, layout_basic, minivault_24,
          minmay_fountain_box, serial_bayou_pond_a
D:2:      layout_basic, first_ration, yredelemnul_altar_generic, uniq_robin
D:3:      layout_loops_cross
D:4:      layout_loops_ring, led_xom_imps, ebering_ghost_disaster_area
D:5:      layout_loops_ring, marbit_many_paths, serial_glass, glass_columns_a,
          glass_columns_a, minmay_strange_pillars, item_on_display_a,
          due_unseen_surprise, feat_on_display, lemuel_old_faithful
D:6:      layout_gridville, minmay_temple_entry_stoned_glass, serial_shops,
          kennysheep_little_box, nicolae_qazlal_general_emergency
D:7:      layout_cave_pods, chequers_temple_overflow_statue_of_worship,
          serial_shops, nicolae_shop_crystal, gammafunk_ghost_arena, uniq_joseph
Temple:   minmay_temple_curvy_branch

Skill      XL: |  1  2  3  4  5  6  7  8 |
---------------+-------------------------+-----
Stealth        | 1 2 3 4 5 |  5.2
Long Blades    | 3 4 5 6 |  6.8
Shields        | 4 5 7 |  7.2
Evocations     | 3 5 |  5.7
Fighting       | |  3.0
Dodging        | |  3.0

Action                   |  1- 3 |  4- 6 |  7- 9 || total
-------------------------+-------+-------+-------++-------
Melee: Long sword        |    67 |   146 |   179 ||   392
       Constrict         |    17 |    40 |    32 ||    89
       Tentacles         |    12 |    31 |    44 ||    87
Invok: Potion Petition   |       |       |     1 ||     1
Evoke: Wand              |       |       |    14 ||    14
  Use: Potion            |     1 |     2 |       ||     3
       Scroll            |     1 |     3 |     7 ||    11
 Stab: Sleeping          |    12 |    15 |    11 ||    38
       Distracted        |       |     1 |       ||     1
  Eat: Chunk             |     1 |    11 |     5 ||    17
       Ration            |       |       |     4 ||     4
Armor: Skin              |     7 |    22 |     5 ||    34
Dodge: Dodged            |    32 |    54 |    83 ||   169
Block: Kite shield       |    32 |    56 |    71 ||   159
       Rpst.: Long sword |    11 |    22 |    35 ||    68

Table legend:
 A = Non-vault XP
 B = Vault XP
 C = Vault XP percentage of total XP
 D = Non-vault monster count
 E = Vault monster count
 F = Vault count percentage of total count
                 A         B        C        D         E       F
            +---------+---------+-------+---------+---------+-------
      Total |    2394 |     166 |   6.5 |     151 |      14 |   8.5
            +---------+---------+-------+---------+---------+-------
        D:1 |      39 |       0 |   0.0 |      24 |       0 |   0.0
        D:2 |      63 |      39 |  38.2 |      22 |      13 |  37.1
        D:3 |     181 |       0 |   0.0 |      33 |       0 |   0.0
        D:4 |     317 |       0 |   0.0 |      20 |       0 |   0.0
        D:5 |     375 |     127 |  25.3 |      18 |       1 |   5.3
        D:6 |    1002 |       0 |   0.0 |      23 |       0 |   0.0
        D:7 |     417 |       0 |   0.0 |      11 |       0 |   0.0
            +---------+---------+-------+---------+---------+-------
